 Dungeon Crawl Stone Soup version 0.25-a0-185-g6cfeca75b2 (webtiles) character file.

Game seed: 63929181298575831, levelgen mode: deterministic

114 MisterFreud the Chiller (level 4, 0/27 HPs)
             Began as an Octopode Ice Elementalist on Nov 27, 2019.
             Killed from afar by an orc wizard (5 damage)
             ... with a magic dart
             ... on level 2 of the Dungeon.
             The game lasted 00:04:20 (2700 turns).

MisterFreud the Chiller (Octopode Ice Elementalist) Turns: 2700, Time: 00:04:21

Health: 0/27       AC:  1    Str:  7    XL:     4   Next: 97%
Magic:  6/8        EV: 13    Int: 18    God:
Gold:   72         SH:  0    Dex: 12    Spells: 5/9 levels left

rFire    . . .     SeeInvis .   (no weapon)
rCold    . . .     Gourm    .   (no shield)
rNeg     . . .     Faith    .   (helmet restricted)
rPois    .         Spirit   .   a - amulet of the acrobat
rElec    .         Reflect  .   (no ring)
rCorr    .         Harm     .   (no ring)
MR       .....                  (no ring)
Stlth    +++.......             (no ring)
HPRegen  0.09/turn              (no ring)
MPRegen  0.11/turn              (no ring)
                                (no ring)
                                (no ring)

@: no status effects
A: almost no armour, stealthy swim, amphibious, 8 rings, constrict 8, camouflage
1, gelatinous body 1
a: no special abilities


You were on level 2 of the Dungeon.
You were not hungry.

You visited 1 branch of the dungeon, and saw 3 of its levels.

You collected 72 gold pieces.

Inventory:

Jewellery
 a - an amulet of the acrobat (around mantle)
Scrolls
 d - 4 scrolls of teleportation
Potions
 f - a potion of flight {unknown}
 g - a potion of heal wounds {unknown}
 i - 2 potions of curing
 j - a potion of lignification {unknown}
 k - a potion of haste {unknown}
 m - a potion of cancellation {unknown}
Comestibles
 b - 2 rations
 c - 7 chunks of flesh


   Skills:
 - Level 2.0 Dodging
 - Level 2.6 Stealth
 - Level 3.0 Spellcasting
   Level 1.0 Conjurations
 + Level 4.8 Ice Magic


You had 5 spell levels left.
You knew the following spells:

 Your Spells              Type           Power        Failure   Level  Hunger
a - Freeze                Ice            ###.         2%          1    None
b - Ozocubu's Armour      Chrm/Ice       ##......     19%         3    ###....

Your spell library contained the following spells:

 Spells                   Type           Power        Failure   Level  Hunger
 Throw Frost              Conj/Ice       ##....       8%          2    ##.....
 Throw Icicle             Conj/Ice       ##......     43%         4    ####...
 Summon Ice Beast         Ice/Summ       ##......     52%         4    ####...


Dungeon Overview and Level Annotations

Branches:
Dungeon (3/15)

Altars:
Cheibriados
Fedhas
Hepliaklqana
Zin

Annotations:
D:3 2 transporters


Innate Abilities, Weirdness & Mutations

You cannot wear most types of armour.
You are very stealthy in the water. (Stealth+)
You are amphibious.
You can wear up to eight rings at the same time.
You can use your tentacles to constrict eight enemies at once.
Your skin changes colour to match your surroundings (Stealth+).
Your rubbery body absorbs attacks. (AC +1, EV +1)


Message History

* * * LOW HITPOINT WARNING * * *
Casting: Freeze (safe; 2% risk of failure)
Confirm with . or Enter, or press ? or * to list all spells.
Aiming: Freeze (safe; 2% risk of failure)
Press: ? - help, Shift-Dir - straight line, f - orc wizard
Aim: an orc wizard, wielding a +0 dagger and wearing a +0 robe You freeze the orc wizard.
The orc wizard is moderately wounded.
The orc wizard barely misses you.
Casting: Freeze (safe; 2% risk of failure)
Confirm with . or Enter, or press ? or * to list all spells.
Aiming: Freeze (safe; 2% risk of failure)
Press: ? - help, Shift-Dir - straight line, f/p - orc wizard
Aim: an orc wizard, wielding a +0 dagger and wearing a +0 robe (moderately wounded)
You freeze the orc wizard.
The orc wizard is heavily wounded.
The orc wizard hits you but does no damage.
The orc wizard points at you and mumbles some strange words.
The magic dart hits you.
You die...

......##.####### #.#
......>#.# ##########
#.# ......####
#........# #.#
.8...8#######........#
#.# ###8##
#.............# #.#
########..###........#
#.# .....#....#
#.......[# #.#
######...÷# #...oo...#
#.# # #....#
#...@....# #.# #
#....# #........# #÷#
# #....# #........#
#.# # #....#
#........# #.# #
#....# ####.##### #.#
# ###### #.# #.# # #.#
#.# # #.# #.# # #.#
#.#


You could see 2 orc wizards.

Vanquished Creatures
  5 adders
  5 dart slugs
  A leopard gecko (D:2)
  An orc (D:3)
  2 ball pythons
  7 bats
  A giant cockroach (D:1)
  6 goblins
  4 hobgoblins
  7 kobolds
  A quokka (D:2)
  6 frilled lizards
  14 rats
60 creatures vanquished.

Notes
Turn   | Place    | Note
-------+----------+-------------------------------------------
     0 | D:1      | MisterFreud the Octopode Ice Elementalist began the quest
                  | for the Orb.
     0 | D:1      | Reached XP level 1. HP: 11/11 MP: 3/3
   133 | D:1      | Reached XP level 2. HP: 13/17 MP: 5/5
  1084 | D:1      | Reached XP level 3. HP: 21/21 MP: 7/7
  1278 | D:2      | Found a hazy altar of Hepliaklqana.
  1285 | D:2      | Found a glowing silver altar of Zin.
  1778 | D:2      | Reached skill level 4 in Ice Magic
  1778 | D:2      | Reached XP level 4. HP: 20/27 MP: 6/8
  2183 | D:3      | Found a snail-covered altar of Cheibriados.
  2183 | D:3      | Noticed a gargoyle
  2188 | D:3      | Found a transporter.
  2223 | D:3      | Found a blossoming altar of Fedhas.
  2262 | D:3      | Found a transporter.
  2262 | D:3      | Noticed a big kobold
  2642 | D:3      | Learned a level 3 spell: Ozocubu's Armour
  2695 | D:3      | HP: 1/27 [orc wizard/magic dart (4)]
  2700 | D:2      | Killed from afar by an orc wizard

Levels and vault maps discovered:
D:1:      minmay_arrival_pointy, layout_basic, st_stairs_6,
          hangedman_decor_riveting
D:2:      layout_basic, lemuel_crystal_altar, nicolae_overflow_hidden_temple,
          first_ration
D:3:      layout_basic, overflow_temple_1_default,
          gammafunk_temple_overflow_arena, doesnt_xom_only_xom, fedhas_altar_1,
          chequers_ecumenical_altar_simple, minmay_misc_feat_five

Skill      XL: |  1  2  3 |
---------------+----------+-----
Spellcasting   | 3 |  3.0
Ice Magic      | 4 |  4.8
Dodging        | |  2.0
Stealth        | |  2.6
Conjurations   | |  1.0

Action                   |  1- 3 |  4- 6 || total
-------------------------+-------+-------++-------
Melee: Unarmed           |    96 |    65 ||   161
       Constrict         |    35 |    21 ||    56
       Tentacles         |    12 |    12 ||    24
 Cast: Freeze            |     8 |     7 ||    15
  Use: Scroll            |       |     4 ||     4
       Potion            |       |     1 ||     1
 Stab: Sleeping          |    10 |     6 ||    16
  Eat: Ration            |     1 |       ||     1
       Chunk             |       |     2 ||     2
Armor: Skin              |     5 |     6 ||    11
Dodge: Dodged            |    60 |    76 ||   136

Table legend:
 A = Non-vault XP
 B = Vault XP
 C = Vault XP percentage of total XP
 D = Non-vault monster count
 E = Vault monster count
 F = Vault count percentage of total count
                 A         B        C        D         E       F
            +---------+---------+-------+---------+---------+-------
      Total |     162 |       1 |   0.6 |      59 |       1 |   1.7
            +---------+---------+-------+---------+---------+-------
        D:1 |      35 |       1 |   2.8 |      20 |       1 |   4.8
        D:2 |      77 |       0 |   0.0 |      26 |       0 |   0.0
        D:3 |      50 |       0 |   0.0 |      13 |       0 |   0.0
            +---------+---------+-------+---------+---------+-------
